 Dungeon Crawl Stone Soup version 0.17-a0-1-g1f4be75 (webtiles) character file.

396 McCoppin the Slasher (level 6, -3/47 HPs)
             Began as a Demonspawn Chaos Knight on Mar 5, 2015.
             Slain by a sky beast (5 damage)
             ... on level 4 of the Dungeon.
             The game lasted 00:12:52 (3934 turns).

McCoppin the Slasher (Demonspawn Chaos Knight)      Turns: 3934, Time: 00:12:52

Health: -3/47      AC:  9    Str: 14      XL:     6   Next: 52%
Magic:  6/6        EV:  1    Int: 13 (14) God:    Xom [....*.]
Gold:   168        SH: 10    Dex: 11 (12) Spells: 0 memorised, 5 levels left

rFire  + . .     SeeInvis .     a - +1 falchion (chaos)
rCold  . . .     Clarity  .     l - +0 chain mail
rNeg   . . .     SustAb   .     g - +0 large shield
rPois  +         Gourm    .     (no helmet)
rElec  .         Spirit   .     (no cloak)
rCorr  .         Warding  .     (no gloves)
rMut   .         Stasis   .     (no boots)
MR     .....                    (no amulet)
Stlth  ..........               (no ring)
                                m - ring of poison resistance

@: very slightly contaminated, invisible, not resistant to hostile enchantments,
extremely unstealthy
A: claws 1, icy blue scales 1, fire resistance 1
a: Renounce Religion


You were on level 4 of the Dungeon.
You worshipped Xom.
You were a beloved toy of Xom.
You were not hungry.

You visited 1 branch of the dungeon, and saw 4 of its levels.

You collected 168 gold pieces.

Inventory:

Hand weapons
 a - a +1 falchion of chaos (weapon)
 f - a +0 blowgun
Missiles
 i - 33 poisoned needles
Armour
 b - a +2 leather armour
 g - a +0 large shield (worn)
 l - a +0 chain mail (worn)
Jewellery
 j - an uncursed ring of teleportation
 m - a ring of poison resistance (left claw)
Magical devices
 n - a wand of digging (3)
Scrolls
 h - a scroll of magic mapping
 k - a scroll of enchant weapon
 o - 2 scrolls of identify
 q - a scroll of recharging {unknown}
Comestibles
 c - 3 bread rations
 d - 4 fruits


   Skills:
 - Level 3.0 Fighting
 + Level 6.8 Long Blades
 - Level 1.7 Armour
 - Level 0.8 Dodging


You had 5 spell levels left.
You didn't know any spells.

Dungeon Overview and Level Annotations

Branches:
Dungeon (4/15)
 Temple: D:4-7

Altars:

Shops:
D:4 ?


Innate Abilities, Weirdness & Mutations

You have sharp fingernails.
You are partially covered in icy blue scales (AC +1).
Your flesh is heat resistant.


Message History

The sky beast hits you.
* * * LOW HITPOINT WARNING * * *
The sky beast shocks you.
* * * LOW HITPOINT WARNING * * *
Drink which item? (? for menu, Esc to quit)
You fade into invisibility!
The sky beast hits you but does no damage.
You are very lightly contaminated with residual magic.
You miss the sky beast.
The sky beast is moderately wounded.
You block the sky beast's attack.
You miss the sky beast.
The sky beast is heavily wounded.
The sky beast hits you but does no damage.
You miss the sky beast.
The sky beast is heavily wounded.
The sky beast hits you.
* * * LOW HITPOINT WARNING * * *
The sky beast shocks you.
You die...

......###.####....#
......##........# #
...........###..# .#
......).†..# #..# ..
.......###.# #..# #.##
#.....## #.###.###...# #.....#
##......#...
##...####.###....Y# ##..##...#
#...@# . #......## ##...# ..
#......## #..### ##.#
#.####..####....###..# #..#
##..##..........# ##..#
#..............##
....#####...............###..
...........#.................o
.......................g...o..


You could see a sky beast.

Vanquished Creatures
  An ogre (D:4)
  A giant frog zombie (D:3)
  2 orc priests (D:4)
  An orc wizard (D:4)
  2 worker ants (D:4)
  5 adders
  3 worms (D:4)
  A giant mite (D:1)
  2 oozes (D:3)
  4 orcs (D:4)
  10 bats
  A bat zombie (D:4)
  2 giant cockroaches
  7 hobgoblins
  4 jackals (D:4)
  5 kobolds
  A quokka (shapeshifter) (D:4)
  2 giant geckos
  8 giant newts
  12 goblins
  10 rats
84 creatures vanquished.

Notes
Turn   | Place    | Note
--------------------------------------------------------------
     0 | D:1      | McCoppin, the Demonspawn Chaos Knight, began the quest for the Orb.
     0 | D:1      | Reached XP level 1. HP: 18/18 MP: 1/1
    78 | D:1      | XOM: harmless Pois miscast
   118 | D:1      | Gained mutation: You are partially covered in icy blue scales (AC +1). [demonic ancestry]
   118 | D:1      | Reached XP level 2. HP: 20/24 MP: 2/2
   727 | D:2      | XOM: potion effect (invisibility)
   731 | D:2      | Reached XP level 3. HP: 18/29 MP: 3/3
   911 | D:2      | Reached skill level 4 in Long Blades
  1869 | D:2      | Reached XP level 4. HP: 35/35 MP: 4/4
  1869 | D:2      | XOM: divination: detect creatures
  1987 | D:2      | XOM: silly message
  2512 | D:3      | Reached skill level 5 in Long Blades
  2529 | D:3      | XOM: mild Ice miscast
  2608 | D:3      | XOM: confuse monster(s)
  2759 | D:4      | Found Puoto's Magic Scroll Emporium.
  2780 | D:4      | Gained mutation: Your flesh is heat resistant. [demonic ancestry]
  2780 | D:4      | Reached XP level 5. HP: 36/41 MP: 5/5
  3242 | D:4      | Noticed an ogre
  3242 | D:4      | XOM: confuse monster(s)
  3269 | D:4      | Killed an ogre
  3269 | D:4      | Reached skill level 6 in Long Blades
  3269 | D:4      | Gained mutation: You have sharp fingernails. [demonic ancestry]
  3269 | D:4      | Reached XP level 6. HP: 47/47 MP: 6/6
  3556 | D:4      | XOM: colour smoke trail
  3579 | D:4      | XOM: confuse monster(s)
  3639 | D:4      | XOM: stat loss: -1 Dex (11/12)
  3655 | D:4      | XOM: 2-stop teleportation journey
  3920 | D:4      | Noticed a sky beast
  3934 | D:4      | HP: 2/47 [sky beast (2)]
  3934 | D:4      | Slain by a sky beast

Action                   |  1- 3 |  4- 6 || total
-------------------------+-------+-------++-------
Melee: Falchion          |   137 |   194 ||   331
 Fire: Blowgun           |       |     3 ||     3
  Use: Scroll            |     3 |     3 ||     6
       Potion            |     2 |     4 ||     6
 Stab: Petrifying        |       |     2 ||     2
  Eat: Bread ration      |     1 |     1 ||     2
       Chunk             |       |     2 ||     2
